 Dungeon Crawl Stone Soup version 0.15.0-31-geb66e34 (webtiles) character file.

175 Psiweapon the Skirmisher (level 5, -2/37 HPs)
             Began as a High Elf Chaos Knight on Sept 12, 2014.
             Was a Plaything of Xom.
             Slain by ztt's ghost (16 damage)
             ... on Level 3 of the Dungeon.
             The game lasted 00:06:34 (1907 turns).

Psiweapon the Skirmisher (High Elf Chaos Knight)    Turns: 1907, Time: 00:06:35

HP  -2/37        AC  7     Str 12      XL: 5   Next: 29%
MP   8/8         EV 12     Int 15      God: Xom
Gold 113         SH  0     Dex 15      Spells:  0 memorised,  4 levels left

rFire  . . .     SeeInvis .     a - +0 spear (chaos)
rCold  . . .     Clarity  .     b - +2 leather armour
rNeg   . . .     rCorr    .     (no shield)
rPois  .         rRot     .     (no helmet)
rElec  .         Spirit   .     i - +1 cloak
SustAb .         Warding  .     (no gloves)
rMut   .         Stasis   .     (no boots)
Gourm  .                        (no amulet)
MR     .....                    (no ring)
                                (no ring)

@: not resistant to hostile enchantments, unstealthy
A: no striking features
a: Renounce Religion


You were on level 3 of the Dungeon.
You worshipped Xom.
You were a plaything of Xom.
You were not hungry.

You visited 1 branch of the dungeon, and saw 3 of its levels.

You collected 113 gold pieces.

Inventory:

Hand weapons
 a - a +0 spear of chaos (weapon)
Missiles
 e - 26 bolts
 p - 13 poisoned needles
Armour
 b - a +2 leather armour (worn)
 i - a +1 cloak (worn)
 x - a +0 ring mail
Magical devices
 q - a wand of fireball (0)
Comestibles
 c - 3 bread rations
 k - 2 meat rations
 u - a chunk of bat flesh
 z - a rotting chunk of giant newt flesh
 A - a rotting chunk of giant cockroach flesh
Scrolls
 d - 4 scrolls of remove curse {unknown}
 g - a scroll of magic mapping {unknown}
 h - a scroll of noise {unknown}
 l - a scroll of identify {unknown}
 m - a scroll of immolation {unknown}
 t - a scroll of blinking {unknown}
 y - a scroll of recharging {unknown}
Jewellery
 r - an uncursed ring of fire
Potions
 f - a potion of resistance {unknown}
 j - a potion of confusion {unknown}
 o - a potion of invisibility {unknown}
 s - a potion of heal wounds {unknown}


   Skills:
 + Level 3.8 Fighting
 + Level 3.3 Polearms
 + Level 2.0 Armour
 + Level 3.3 Dodging
 + Level 1.7 Stealth


You had 4 spell levels left.
You didn't know any spells.

Dungeon Overview and Level Annotations

Branches:
Dungeon (3/15)

Altars:

Annotations:
D:3 ztt's ghost, average GrFi


Message History

You hit ztt's ghost but do no damage.
Ztt's ghost is heavily damaged.
An orc comes into view. It is wielding a whip.
You hit ztt's ghost.
Ztt's ghost seems to slow down.
Ztt's ghost is heavily damaged.
You hit ztt's ghost but do no damage.
Ztt's ghost is heavily damaged.
Ztt's ghost is no longer moving slowly.
The giant newt misses you. The orc closely misses you. Ztt's ghost hits you!
A rat comes into view.
You hit ztt's ghost but do no damage.
Ztt's ghost is heavily damaged.
The giant newt bites you but does no damage.
The orc hits you with a dagger. Ztt's ghost barely misses you.
You hit ztt's ghost but do no damage.
Ztt's ghost is heavily damaged.
The giant newt misses you. The orc hits you with a dagger.
Ztt's ghost hits you!
You die...
Xom howls with laughter!

#. .##. . ...
<..#..# #####
....... ....
....... ..###+#
........#r.....)#
.......l@W......#
........#or.....#
....... .......
....... .......
.(..... .o.....
...... .)....
..... .r... ....
%..) # .


You could see ztt's ghost, 2 orcs, a giant newt and 3 rats.

Vanquished Creatures
  Sigmund (D:2)
  An orc wizard (D:3)
  2 adders (D:2)
  A worm (D:2)
  3 giant geckos
  An orc (D:3)
  A ball python (D:2)
  3 goblins
  5 hobgoblins
  4 jackals (D:2)
  4 kobolds
  2 quokkas
  11 bats
  3 giant cockroaches
  2 giant newts
  7 rats
51 creatures vanquished.

Notes
Turn   | Place    | Note
--------------------------------------------------------------
     0 | D:1      | Psiweapon, the High Elf Chaos Knight, began the quest for the Orb.
     0 | D:1      | Reached XP level 1. HP: 16/16 MP: 2/2
    36 | D:1      | XOM: harmless Conj miscast
   125 | D:1      | Reached skill level 1 in Armour
   278 | D:1      | XOM: harmless Erth miscast
   281 | D:1      | Reached XP level 2. HP: 19/21 MP: 3/3
   663 | D:1      | XOM: divination: detect creatures
   790 | D:2      | Noticed Sigmund
   801 | D:2      | Killed Sigmund
   801 | D:2      | Reached skill level 1 in Stealth
   801 | D:2      | Reached XP level 3. HP: 6/26 MP: 5/5
   801 | D:2      | Reached XP level 4. HP: 7/32 MP: 7/7
  1474 | D:2      | Reached XP level 5. HP: 32/37 MP: 8/8
  1885 | D:2      | XOM: god gift: bread ration
  1895 | D:3      | Noticed ztt's ghost (average GrFi)
  1907 | D:3      | Slain by ztt's ghost

Action                   |  1- 3 |  4- 6 || total
-------------------------+-------+-------++-------
Melee: Spear             |    81 |    99 ||   180
Evoke: Wand              |       |     4 ||     4
 Stab: Confused          |     2 |       ||     2
       Paralysed         |     2 |       ||     2
       Sleeping          |       |     1 ||     1
  Eat: Chunk             |       |     3 ||     3
